Map: [EWC] Oceanborn

Players

Solar - Winner!

  • Race: Zerg Zerg
  • Spawn Location: 11:00

Coffee

  • Race: Terran Terran
  • Spawn Location: 5:00

Event: Esports World Cup 2024

VOD

Have the link to the VOD?

Description

Time

  • Played on: Aug. 15, 2024, 8:02 a.m.
  • Length: 5:13

All games in this series

Show
View Real Time Build Order
Export as new Build Order

Solar Zerg - Winner!

Build Orders: Hatch First 

Get SALT Encoding   

  12  0:00  Drone  
  13  0:08  Drone  
  14  0:14  Drone, Extractor  
  15  0:36  Hatchery  
  15  0:41  Extractor  
  15  0:42  Drone  
  15  0:47  Overlord  
  15  1:02  Spawning Pool  
  14  1:06  Drone  
  14  1:09  Drone  
  16  1:12  Drone  
  16  1:17  Drone  
  18  1:27  Extractor  
  18  1:29  Drone  
  18  1:39  Drone  
  19  1:49  Zergling x2  
  19  1:50  Queen x2  
  19  1:52  Drone  
  25  1:59  Drone, Overlord  
  26  2:10  Drone x2  
  28  2:23  Overlord  
  28  2:24  Drone  
  28  2:29  Queen  
  31  2:33  Drone  
  31  2:34  Drone  
  33  2:47  Hatchery, Drone x2  
  34  2:51  Metabolic Boost  
  34  2:55  Drone  
  34  2:58  Overlord  
  35  3:01  Drone  
  35  3:13  Drone  
  35  3:15  Queen  
  35  3:16  Drone x2  
  35  3:18  Roach Warren  
  39  3:20  Drone  
  39  3:21  Extractor  
  39  3:23  Zergling x2  
  39  3:27  Zergling x4  
  42  3:31  Drone x2  
  44  3:34  Overlord  
  44  3:39  Overlord  
  44  3:41  Overlord  
  44  3:50  Overlord  
  44  3:58  Roach x3  
  44  3:59  Roach  
  44  4:00  Roach  
  54  4:04  Roach  
  54  4:08  Roach  
  58  4:12  Roach  
  58  4:13  Zergling x4  
  58  4:14  Zergling x2  
  63  4:19  Zergling x2  
  63  4:23  Zergling x2  
  63  4:24  Zergling x6  
  67  4:26  Ravager  
  67  4:28  Zergling x4  
  70  4:34  Overlord  
  70  4:35  Zergling x2  
  70  4:36  Zergling x2  
  72  4:44  Zergling x8  
  76  4:46  Ravager  
  76  4:47  Zergling x2  
  78  4:55  Zergling x8  
  78  4:59  Ravager  
Show
View Real Time Build Order
Export as new Build Order

Coffee Terran 

Build Orders:  

Get SALT Encoding   

  12  0:00  SCV  
  13  0:12  SCV  
  14  0:17  Supply Depot  
  14  0:24  SCV  
  15  0:38  SCV  
  15  0:39  Barracks  
  16  0:44  Refinery  
  16  0:51  SCV  
  17  1:03  SCV  
  18  1:15  SCV  
  19  1:27  Orbital Command, Marine  
  20  1:37  Command Center  
  20  1:45  Marine  
  21  1:50  Supply Depot  
  21  1:53  SCV  
  22  2:01  Factory  
  22  2:06  SCV  
  24  2:22  SCV  
  24  2:36  SCV, Command Center  
  25  2:45  Hellion  
  25  2:48  SCV  
  25  2:50  Orbital Command  
  28  3:01  SCV  
  29  3:07  Hellion  
  31  3:13  SCV, Barracks Reactor  
  31  3:15  SCV  
  33  3:23  Engineering Bay  
  33  3:24  Engineering Bay  
  33  3:25  SCV  
  34  3:27  SCV  
  34  3:29  Hellion  
  37  3:37  SCV  
  37  3:39  SCV  
  39  3:49  SCV  
  39  3:51  SCV  
  41  3:55  Barracks Tech Lab  
  41  3:57  Hellion x2  
  41  3:58  Refinery  
  41  4:02  Orbital Command, SCV  
  46  4:04  SCV  
  47  4:13  Barracks Tech Lab  
  47  4:15  SCV  
  48  4:22  SCV  
  48  4:23  Barracks x2  
  49  4:26  Factory Reactor  
  49  4:27  SCV  
  49  4:30  SCV  
  51  4:33  Refinery  
  51  4:34  Supply Depot, SCV  
  52  4:39  Barracks  
  52  4:40  SCV  
  52  4:41  Barracks  
  52  4:42  SCV  
  52  4:43  Factory Tech Lab  
  52  4:45  Marine  
  54  4:46  Bunker  
  54  4:50  Bunker  
Tags
 
Add a new tag
Caveats
  • Supply blocks, unpowered buildings, or Contaminate may cause inaccurate times.
  • Supply counts are checked every 10 seconds.